 Dungeon Crawl Stone Soup version 0.20.1-1-g8b1a95d66d (webtiles) character file.

16467 NullDivider the Covert (level 12, -19/58 HPs)
             Began as a Felid Enchanter on Nov 16, 2017.
             Was the Champion of Nemelex Xobeh.
             Demolished by a death yak (28 damage)
             ... on level 6 of the Lair of Beasts on Nov 21, 2017.
             The game lasted 05:34:08 (40568 turns).

NullDivider the Covert (Felid Enchanter)           Turns: 40568, Time: 05:34:09

Health: -19/58     AC:  3    Str:  4    XL:     12   Next: 10%
Magic:  17/20      EV: 31    Int: 20    God:    Nemelex Xobeh [******]
Gold:   2750       SH:  0    Dex: 21    Spells: 3/17 levels left
                                        Lives:  0   Deaths: 3

rFire    . . .     SeeInvis +     - Unarmed
rCold    + . .     Gourm    .   (shield unavailable)
rNeg     . . .     Faith    .   (armour unavailable)
rPois    .         Spirit   .   (helmet unavailable)
rElec    .         Reflect  .   (cloak unavailable)
rCorr    .         Harm     .   (gloves unavailable)
MR       +....                  (boots unavailable)
Stlth    ++++++....             n - amulet of rage
Regen    0.2/turn               P - +4 ring of slaying
MPRegen  0.2/turn               x - +3 ring of dexterity

@: quick
A: no armour, no weapons or thrown items, stealth, claws 1, fangs 3, see
invisible, carnivore 3, speed 1, shaggy fur 3, slow metabolism 1, sharp paws
a: Triple Draw, Deal Four, Stack Five, Renounce Religion, Evoke Berserk Rage


You were on level 6 of the Lair of Beasts.
You worshipped Nemelex Xobeh.
Nemelex Xobeh was exalted by your worship.
You were not hungry.

You visited 4 branches of the dungeon, and saw 23 of its levels.
You also visited: Labyrinth and Bailey.

You collected 3185 gold pieces.
You spent 435 gold pieces at shops.

Inventory:

Jewellery
 n - an amulet of rage (around neck)
 v - an uncursed ring of protection from cold
 x - a +3 ring of dexterity (right paw)
 F - a +1 ring of slaying
 P - a +4 ring of slaying (left paw)
Wands
 s - a wand of clouds (3/9)
 u - a wand of lightning (3/15)
 C - a wand of digging (6/24)
 D - a wand of paralysis (12/24)
 E - a wand of disintegration (3/24)
 O - a wand of iceblast (0/15)
Scrolls
 e - 9 scrolls of remove curse
 i - 5 scrolls of fog
 k - 7 scrolls of teleportation
 m - 2 scrolls of magic mapping
 q - 3 scrolls of fear
 A - 2 scrolls of holy word
 J - a scroll of summoning {unknown}
 K - 2 scrolls of blinking
 T - 2 scrolls of immolation
 V - a scroll of silence {unknown}
 Z - a scroll of random uselessness {unknown}
Potions
 c - 9 potions of curing
 f - 2 potions of brilliance {unknown}
 g - 2 potions of heal wounds
 h - 3 potions of agility
 l - 6 potions of haste
 o - a potion of ambrosia {unknown}
 p - a potion of lignification {unknown}
 r - 2 potions of magic
 w - a potion of cancellation {unknown}
 H - a potion of might {unknown}
 L - a potion of invisibility {unknown}
 Q - 3 potions of flight {unknown}
Books
 a - a book of Unlife

   Spells                             Type                      Level
   a - Recall                         Summoning/Translocation      3
   b - Animate Dead                   Necromancy                   4
   c - Control Undead                 Necromancy                   4
   d - Cigotuvi's Embrace             Necromancy                   5
   e - Death Channel                  Necromancy                   6
   f - Simulacrum                     Ice/Necromancy               6
Miscellaneous
 d - an ornate deck of summoning {drawn: 7}
 j - a plain deck of escape {drawn: 4}
 I - a plain deck of destruction {drawn: 3}
 M - a lamp of fire
 N - an ornate deck of summoning
 S - an ornate deck of destruction {drawn: 6}
Comestibles
 b - 8 meat rations


   Skills:
 * Level 10.5 Fighting
 + Level 12.7 Dodging
 + Level 14.1 Stealth
 * Level 10.5 Unarmed Combat
 - Level 3.4 Spellcasting
 - Level 8.0 Hexes
 * Level 5.5 Translocations
 + Level 9.2 Invocations
 - Level 10.0 Evocations


You had 3 spell levels left.
You knew the following spells:

 Your Spells              Type           Power        Failure   Level  Hunger
a - Corona                Hex            #####..      1%          1    None
b - Ensorcelled Hibernat  Hex/Ice        ###...       4%          2    ##.....
c - Confuse               Hex            #####...     1%          3    ###....
d - Tukima's Dance        Hex            #####...     1%          3    ###....
e - Dazzling Spray        Conj/Hex       ###...       8%          3    ###....
f - Blink                 Tloc           N/A          2%          2    ##.....


Dungeon Overview and Level Annotations

Branches:
Dungeon (14/15)            Temple (1/1) D:4            Lair (6/6) D:8
 Shoals (0/4) Lair:4        Snake (0/4) Lair:4        Slime (0/5) Lair:6
    Orc (2/2) D:11            Elf (0/3) Orc:2
 Vaults: D:13-14

Altars:
Cheibriados
Dithmenos
Elyvilon
Fedhas
Gozag
Hepliaklqana
Kikubaaqudgha
Makhleb
Nemelex Xobeh
Okawaru
Qazlal
Ru
Sif Muna
Trog
Uskayaw
Vehumet
Yredelemnul
Zin
The Shining One
Beogh

Shops:
D:4 ?   D:8 *   Orc:2 :*!(

Annotations:
Lair:6 exclusion: oklob plant


Innate Abilities, Weirdness & Mutations

You cannot wear armour.
You are incapable of wielding weapons or throwing items.
Your paws allow you to move quietly. (Stealth)
You have sharp claws.
You have razor-sharp teeth.
You have supernaturally acute eyesight. (SInv)
You are carnivorous and can eat meat at any time.
You cover ground quickly.
Your thick and shaggy fur keeps you warm. (AC +3, rC+)
You have a slow metabolism.
Your sharp claws are effective at attacking unaware monsters.


Message History

The wolf bites your polar bear.
Your polar bear bites the wolf!
The wolf dies!
The death yak gores your insubstantial wisp.
The death yak gores your insubstantial wisp.
The crocodile bites your polar bear.
Your insubstantial wisp hits the death yak but does no damage.
Your polar bear misses the crocodile.
Your polar bear claws the crocodile. x2
The death yak gores your insubstantial wisp!
The crocodile bites your polar bear!!
Your polar bear dies!
Your polar bear's corpse disappears in a puff of smoke!
Your insubstantial wisp barely misses the death yak.
The death yak gores your insubstantial wisp but does no damage.
Your insubstantial wisp blinks!
Your molten gargoyle hits the death yak with a morningstar!
The death yak is engulfed in flames!
The crocodile closely misses your centaur.
The death yak gores you!!
You die...
Your body glows with a rainbow of weird colours and disappears.

♣#......## ♣♣
♣...P....#
≈♣♣..♣P......##
≈≈≈≈≈....#..####
≈.♣♣≈.....%.#..
♣♣≈..÷..#..#
♣P.........
###############
##..#..≈≈≈.
##.......9c@...#
#..#.≈≈≈≈≈
#........tYk...#
#...≈≈≈#≈≈
#P......######
#..≈≈#.#≈≈
##......##
#..≈≈#≈≈#≈
#.......###
#...≈≈≈≈≈≈≈
#.#...v......
.h.≈.≈≈≈≈ . #
#...#.P.....
##..........
##...PP##.P..


You could see a death yak, a crocodile, a friendly wind drake, a friendly molten
gargoyle, a friendly centaur and a friendly insubstantial wisp.

Vanquished Creatures
  A minotaur (Lab)
  Josephine (D:10)
  2 hydras (Lair:3)
  A catoblepas (Lair:6)
  2 two-headed ogres
  An orc high priest (Orc:1)
  A sea snake (Orc:2)
  An unseen horror (D:10)
  2 orc knights (Orc:2)
  Pikel (D:9)
  3 ugly things
  2 manticores
  2 orc sorcerers (Orc:2)
  A glowing shapeshifter (Orc:2)
  4 cyclopes
  A black mamba (Lair:5)
  An eye of devastation (Orc:2)
  2 gargoyles
  3 rime drakes
  7 spiny frogs
  An efreet (D:13)
  3 komodo dragons
  2 hornets
  4 trolls
  A wind drake (Orc:2)
  2 slime creatures (Lair:6)
  9 blink frogs
  7 hippogriffs
  2 redbacks (Lab)
  4 shadows
  3 dancing weapons
  2 vampires (D:11)
  A human (D:11)
  4 wraiths
  33 yaks
  3 hogs (D:11)
  3 wyverns
  2 hungry ghosts
  Grum (D:8)
  5 basilisks
  2 nagas (Lair:4)
  4 wargs
  9 water moccasins
  8 porcupines
  9 ice beasts
  2 black bears
  19 orc warriors
  5 phantoms
  6 sky beasts
  10 centaurs
  4 wolves
  10 ogres
  7 crocodiles
  3 big kobolds
  23 bullfrogs
  A wyvern zombie (D:7)
  2 water moccasin zombies
  7 scorpions
  A wyvern skeleton (D:10)
  6 killer bees (D:10)
  4 wights (D:7)
  3 electric eels
  A howler monkey (D:5)
  5 crimson imps
  2 bullfrog zombies
  A quasit (D:9)
  The ghost of Sludgepup the Scratcher, a weakling FeFi (D:3)
  14 hounds
  11 orc priests
  4 jellies
  17 orc wizards
  5 iguanas
  11 worker ants
  A worker ant zombie (D:4)
  2 gnolls
  3 howler monkey skeletons
  15 adders
  4 shadow imps
  An ooze (D:6)
  An adder zombie (D:8)
  2 adder skeletons
  A worm (D:2)
  3 dart slugs
  6 leopard geckos
  82 orcs
  4 giant cockroaches
  6 goblins
  6 hobgoblins
  3 jackals (D:6)
  11 quokkas
  4 ball pythons
  A ball python skeleton (D:4)
  8 bats
  5 frilled lizards
  30 kobolds
  A quokka zombie (D:5)
  9 rats
  6 plants (Lair:5)
563 creatures vanquished.

Vanquished Creatures (collateral kills)
  A hydra (Lair:2)
  A catoblepas (Lair:3)
  A two-headed ogre (D:8)
  A lindwurm (Orc:2)
  An orc knight (Bailey)
  An orc sorcerer (Orc:2)
  5 oklob plants (Lair:5)
  A spiny frog (Lair:6)
  A torpor snail (Lair:6)
  2 yaks (D:9)
  5 orc warriors
  3 wolves
  5 centaurs
  A wyvern skeleton (D:8)
  A hound (D:9)
  3 orc priests
  5 orc wizards
  3 gnolls (D:6)
  11 orcs
  A hobgoblin (Bailey)
  A quokka (D:9)
  2 goblins (Bailey)
  4 kobolds (Bailey)
  A plant (Lair:5)
61 creatures vanquished.

Vanquished Creatures (others)
  10 dancing weapons
  A bullfrog zombie (D:9)
  A jelly (D:9)
  An adder (D:4)
  An orc (D:9)
  9 fungi
  11 plants
34 creatures vanquished.

Grand Total: 658 creatures vanquished

Notes
Turn   | Place    | Note
-------+----------+-------------------------------------------
     0 | D:1      | NullDivider the Felid Enchanter began the quest for the Orb.
     0 | D:1      | Reached XP level 1. HP: 7/7 MP: 4/4
   457 | D:1      | Reached XP level 2. HP: 11/11 MP: 4/6
  1283 | D:1      | Learned a level 2 spell: Ensorcelled Hibernation
  1392 | D:2      | Reached XP level 3. HP: 7/15 MP: 4/7
  1708 | D:2      | Found a transporter.
  1708 | D:2      | Noticed a bullfrog
  1735 | D:2      | Reached skill level 5 in Stealth
  1819 | D:2      | Learned a level 3 spell: Confuse
  1949 | D:2      | Reached skill level 1 in Fighting
  2222 | D:2      | Reached XP level 4. HP: 19/19 MP: 0/8
  2491 | D:2      | You fall through a shaft for 2 floors!
  2532 | D:4      | Found Hiruekk's Magic Scroll Shoppe.
  2538 | D:4      | Bought a scroll of identify for 20 gold pieces
  2538 | D:4      | Bought a scroll of magic mapping for 35 gold pieces
  2538 | D:4      | Bought a scroll of noise for 10 gold pieces
  2877 | D:3      | Noticed Sludgepup's ghost (weakling FeFi)
  2958 | D:3      | Found a sacrificial altar of Ru.
  3283 | D:2      | Found a transporter.
  3293 | D:2      | Found a glowing silver altar of Zin.
  3300 | D:2      | Killed a bullfrog
  3300 | D:2      | Reached skill level 5 in Hexes
  3300 | D:2      | Reached XP level 5. HP: 19/22 MP: 4/9
  3816 | D:2      | Found a hide-covered altar of Uskayaw.
  3965 | D:3      | Found a faded altar of an unknown god.
  4062 | D:3      | Killed Sludgepup's ghost
  4062 | D:3      | Reached skill level 6 in Stealth
  5109 | D:3      | Noticed a centaur
  5126 | D:3      | Killed a centaur
  5126 | D:3      | Reached skill level 5 in Dodging
  5126 | D:3      | Reached skill level 1 in Evocations
  5126 | D:3      | Gained mutation: You are covered in thick fur. (AC +2) [Felid growth]
  5126 | D:3      | Reached XP level 6. HP: 25/25 MP: 7/10
  5152 | D:3      | Learned a level 3 spell: Tukima's Dance
  5474 | D:4      | Reached skill level 7 in Stealth
  5474 | D:4      | Reached XP level 7. HP: 28/28 MP: 11/11
  5576 | D:4      | Found a staircase to the Ecumenical Temple.
  5582 | Temple   | Entered the Ecumenical Temple
  5627 | Temple   | Became a worshipper of Nemelex Xobeh the Trickster
  5944 | D:4      | Received a gift from Nemelex Xobeh
  6027 | D:4      | Found a glowing golden altar of the Shining One.
  6054 | D:4      | Found a basalt altar of Yredelemnul.
  6056 | D:4      | Noticed a profane servitor
  6275 | D:4      | Noticed an angel
  6316 | D:5      | Entered Level 5 of the Dungeon
  7105 | D:5      | Found a blossoming altar of Fedhas.
  7106 | D:5      | Received a gift from Nemelex Xobeh
  7181 | D:5      | Reached * piety under Nemelex Xobeh
  7811 | D:5      | Reached skill level 8 in Stealth
  8426 | D:6      | Reached XP level 8. HP: 32/32 MP: 10/13
 10395 | D:6      | Reached skill level 9 in Stealth
 10615 | D:6      | Reached skill level 5 in Evocations
 10803 | D:6      | Reached XP level 9. HP: 36/36 MP: 12/15
 11113 | D:7      | Reached ** piety under Nemelex Xobeh
 11131 | D:7      | Found a deep blue altar of Sif Muna.
 11829 | D:7      | Found a white marble altar of Elyvilon.
 12034 | D:7      | Found a glowing golden altar of the Shining One.
 12099 | D:7      | Found a sparkling altar of Nemelex Xobeh.
 12100 | D:7      | Received a gift from Nemelex Xobeh
 12530 | D:8      | Reached skill level 10 in Stealth
 12971 | D:8      | Noticed Grum
 13022 | D:8      | Killed Grum
 13148 | D:8      | Received a gift from Nemelex Xobeh
 13212 | D:8      | Reached *** piety under Nemelex Xobeh
 13217 | D:8      | Found a staircase to the Lair.
 13461 | D:8      | Found a bloodstained altar of Trog.
 13486 | D:8      | Found Poetisym's General Store.
 13533 | D:8      | Bought a scroll of identify for 26 gold pieces
 13885 | D:8      | Noticed a two-headed ogre
 14106 | D:8      | Killed a two-headed ogre
 14106 | D:8      | Reached XP level 10. HP: 42/42 MP: 16/16
 14234 | D:9      | Received a gift from Nemelex Xobeh
 14246 | D:9      | Reached skill level 5 in Unarmed Combat
 14368 | D:9      | Found a flagged portal.
 14384 | Bailey   | Entered a bailey
 14697 | Bailey   | Noticed an orc knight
 14729 | Bailey   | Killed an orc knight
 14867 | Bailey   | Found an iron altar of Okawaru.
 15058 | D:9      | Noticed Pikel
 15076 | D:9      | Killed Pikel
 15076 | D:9      | Reached skill level 10 in Dodging
 15150 | D:9      | Reached skill level 1 in Invocations
 15152 | D:9      | Reached skill level 5 in Fighting
 16188 | D:9      | Reached skill level 11 in Stealth
 16245 | D:10     | Entered Level 10 of the Dungeon
 16249 | D:10     | Got a sparkling emerald amulet
 16255 | D:9      | Lost strength.
 16255 | D:9      | Identified the amulet "Seviaff" {Inacc +Fly rN+++ MP+9 Str-4} (You found it on level 10 of the Dungeon)
 16303 | D:10     | Noticed a two-headed ogre
 16416 | D:10     | Killed a two-headed ogre
 16416 | D:10     | Reached XP level 11. HP: 48/48 MP: 1/18
 16558 | D:10     | Noticed Josephine
 17288 | D:10     | Received a gift from Nemelex Xobeh
 17651 | D:10     | Noticed an unseen horror
 17735 | D:10     | Killed an unseen horror
 18694 | D:11     | Reached **** piety under Nemelex Xobeh
 19113 | D:10     | Killed Josephine
 19113 | D:10     | Reached skill level 5 in Invocations
 20059 | D:11     | Found a staircase to the Orcish Mines.
 20134 | D:11     | Received a gift from Nemelex Xobeh
 20213 | D:11     | Reached skill level 12 in Stealth
 22386 | D:11     | Gained mutation: Your thick and shaggy fur keeps you warm. (AC +3, rC+) [Felid growth]
 22386 | D:11     | Reached XP level 12. HP: 50/54 MP: 14/19
 22646 | Temple   | Learned a level 3 spell: Dazzling Spray
 23060 | D:12     | Received a gift from Nemelex Xobeh
 24260 | D:13     | Found a labyrinth entrance.
 24273 | Lab      | Entered a labyrinth
 24365 | Lab      | Received a gift from Nemelex Xobeh
 24768 | Lab      | Noticed a minotaur
 24782 | Lab      | Killed a minotaur
 25137 | D:13     | Reached ***** piety under Nemelex Xobeh
 26406 | D:13     | Found a roughly hewn altar of Beogh.
 26599 | D:13     | Received a gift from Nemelex Xobeh
 27070 | D:14     | Noticed a two-headed ogre
 27075 | D:14     | Noticed a centaur warrior
 27543 | D:13     | Mangled by a cyan ugly thing
 27544 | D:13     | Reached XP level 11. HP: -11/52 MP: 10/19
 27581 | D:13     | Killed a cyan ugly thing
 27655 | Orc:1    | Entered Level 1 of the Orcish Mines
 28087 | Orc:1    | Received a gift from Nemelex Xobeh
 28311 | Orc:1    | Noticed an orc high priest
 28397 | Orc:1    | Reached skill level 13 in Stealth
 28781 | Orc:1    | Killed an orc high priest
 29188 | D:11     | HP: 1/52 [orc warrior (14)]
 29714 | Orc:2    | Entered Level 2 of the Orcish Mines
 30089 | Orc:2    | Received a gift from Nemelex Xobeh
 30212 | Orc:2    | Noticed an orc knight
 30222 | Orc:2    | Killed an orc knight
 30237 | Orc:2    | Reached XP level 12. HP: 45/57 MP: 3/20
 30727 | Orc:2    | Found a roughly hewn altar of Beogh.
 30727 | Orc:2    | Found a staircase to the Elven Halls.
 30882 | Orc:2    | Noticed an orc high priest
 30893 | Orc:2    | Noticed an orc high priest
 30897 | Orc:2    | Noticed an orc high priest
 30909 | Orc:2    | an orc high priest changed into a glowing shapeshifter
 30909 | Orc:2    | an orc high priest changed into a sea snake
 30909 | Orc:2    | an orc high priest changed into an eye of devastation
 30916 | Orc:2    | HP: 2/57 [wind drake/the air (18)]
 31304 | Orc:1    | Noticed a two-headed ogre
 31333 | Orc:1    | Killed a two-headed ogre
 32342 | Orc:2    | Paralysed by an orc sorcerer for 4 turns
 32740 | Orc:2    | Found Xeiso's Book Shop.
 32740 | Orc:2    | Found Sikhlu's Antique Weapon Shoppe.
 32746 | Orc:2    | Blown up by an eye of devastation
 32747 | Orc:2    | Reached XP level 11. HP: -3/53 MP: 19/19
 32965 | Orc:2    | Found Sush's Assorted Antiques.
 32965 | Orc:2    | Found Ywnolek's Distillery.
 32978 | Orc:2    | Bought a scroll labeled NOLUNA DIABU for 33 gold pieces
 32978 | Orc:2    | Bought a green potion for 29 gold pieces
 32978 | Orc:2    | Bought a copper wand for 132 gold pieces
 32978 | Orc:2    | Bought a scroll labeled ITIXUOTHR LOUPH for 33 gold pieces
 32984 | Orc:2    | Bought a potion of degeneration for 13 gold pieces
 32984 | Orc:2    | Bought a potion of curing for 39 gold pieces
 32984 | Orc:2    | Bought a potion of heal wounds for 65 gold pieces
 33240 | Lair:1   | Entered Level 1 of the Lair of Beasts
 33638 | Lair:1   | Received a gift from Nemelex Xobeh
 34283 | Temple   | Learned a level 2 spell: Blink
 34676 | Lair:2   | Reached skill level 10 in Evocations
 34713 | Lair:2   | Received a gift from Nemelex Xobeh
 35136 | Lair:3   | Noticed an eight-headed hydra
 35143 | Lair:3   | Killed an eight-headed hydra
 35143 | Lair:3   | Reached XP level 12. HP: 58/58 MP: 20/20
 35190 | Lair:3   | Noticed a catoblepas
 35203 | Lair:3   | Killed a catoblepas
 35203 | Lair:3   | Reached skill level 1 in Translocations
 35334 | Lair:3   | Received a gift from Nemelex Xobeh
 35334 | Lair:3   | Received a gift from Nemelex Xobeh
 35387 | Lair:3   | Noticed a seven-headed hydra
 35392 | Lair:3   | Killed a seven-headed hydra
 35598 | Lair:3   | Noticed a four-headed hydra
 35641 | Lair:2   | Killed a four-headed hydra
 35641 | Lair:2   | Reached skill level 10 in Unarmed Combat
 35937 | Lair:3   | Reached ****** piety under Nemelex Xobeh
 36543 | Lair:4   | Reached skill level 10 in Fighting
 36654 | Lair:4   | Received a gift from Nemelex Xobeh
 36853 | Lair:4   | Found a staircase to the Shoals.
 36918 | Lair:4   | Found a staircase to the Snake Pit.
 37907 | Lair:5   | Received a gift from Nemelex Xobeh
 38751 | Lair:5   | Found a sparkling altar of Nemelex Xobeh.
 39084 | Lair:5   | Received a gift from Nemelex Xobeh
 39570 | Lair:5   | Reached skill level 14 in Stealth
 39795 | Lair:6   | Entered Level 6 of the Lair of Beasts
 39799 | Lair:6   | Found a staircase to the Slime Pits.
 39800 | Lair:6   | Noticed a catoblepas
 39861 | Lair:6   | Killed a catoblepas
 39896 | Lair:6   | Reached XP level 13. HP: 62/62 MP: 16/21
 40113 | Lair:6   | Reached skill level 5 in Translocations
 40518 | Lair:6   | Splashed by an oklob plant's acid
 40519 | Lair:6   | Reached XP level 12. HP: -10/58 MP: 20/20
 40519 | Lair:6   | Noticed a death yak
 40529 | Lair:6   | Noticed a death yak
 40531 | Lair:6   | Noticed a death yak
 40533 | Lair:6   | Noticed a death yak
 40533 | Lair:6   | Noticed a death yak
 40568 | Lair:6   | Demolished by a death yak

Skill      XL: |  1  2  3  4  5  6  7  8  9 10 11 12 13 |
---------------+----------------------------------------+-----
Dodging        | 3 4 5 6 7 9 10 12 | 12.7
Stealth        | 5 6 7 8 9 10 11 13 14 | 14.1
Fighting       | 1 2 3 5 9 10 | 10.5
Unarmed Combat | 2 3 4 6 7 10 | 10.5
Hexes          | 5 6 7 8 |  8.0
Evocations     | 1 2 3 5 7 8 10 | 10.0
Spellcasting   | 3 |  3.4
Invocations    | 3 5 9 |  9.2
Translocations | 4 5 |  5.5

Action                   |  1- 3 |  4- 6 |  7- 9 | 10-12 | 13-15 || total
-------------------------+-------+-------+-------+-------+-------++-------
Melee: Unarmed           |    99 |   126 |   260 |   775 |    16 ||  1276
       Bite              |     7 |     6 |    13 |    58 |       ||    84
       Punch             |     1 |     2 |     4 |    27 |     1 ||    35
 Cast: Corona            |    24 |    11 |    11 |    13 |       ||    59
       Ensorcelled Hiber |    10 |    34 |   106 |   305 |     9 ||   464
       Confuse           |     2 |    14 |    44 |   189 |     6 ||   255
       Tukima's Dance    |       |       |     5 |    54 |       ||    59
       Dazzling Spray    |       |       |       |     4 |       ||     4
Invok: Triple Draw       |       |       |       |     1 |       ||     1
 Abil: Evoke Berserk Rag |       |     1 |       |     3 |       ||     4
Evoke: Deck              |       |       |     5 |    34 |     2 ||    41
       Wand              |       |       |       |    21 |     1 ||    22
       Lamp of fire      |       |       |       |     1 |       ||     1
  Use: Potion            |       |     1 |       |     2 |     1 ||     4
       Scroll            |       |     2 |     3 |    12 |       ||    17
 Stab: Sleeping          |    16 |    28 |    74 |   198 |     6 ||   322
       Distracted        |     1 |     1 |     9 |    21 |     1 ||    33
       Confused          |     1 |     7 |    27 |    84 |     2 ||   121
  Eat: Chunk             |    11 |    12 |    25 |    93 |     5 ||   146
Armor: Skin              |     6 |     5 |     7 |    17 |       ||    35
Dodge: Dodged            |    71 |   159 |   159 |   700 |     6 ||  1095
